 Dungeon Crawl Stone Soup version 0.15.0-8-gb109cf8 (webtiles) character file.

179 Kashira the Sneak (level 5, -2/44 HPs)
             Began as a Naga Enchanter on Aug 30, 2014.
             Slain by Antunes' ghost (10 damage)
             ... on Level 3 of the Dungeon.
             The game lasted 00:19:05 (2787 turns).

Kashira the Sneak (Naga Enchanter)                  Turns: 2787, Time: 00:19:06

HP  -2/44        AC  6     Str 10      XL: 5   Next: 59%
MP   0/19        EV 10     Int 15      God:
Gold 137         SH  0     Dex 13      Spells:  2 memorised,  5 levels left

rFire  . . .     SeeInvis +     a - +1 dagger
rCold  . . .     Clarity  .     b - +1 robe
rNeg   . . .     rCorr    .     (no shield)
rPois  +         rRot     .     (no helmet)
rElec  .         Spirit   .     (no cloak)
SustAb .         Warding  .     r - +2 pair of gloves
rMut   .         Stasis   .     (no barding)
Gourm  .                        (no amulet)
MR     .....                    (no ring)
                                n - ring of magical power

@: very slightly contaminated, very slow, not resistant to hostile enchantments,
fairly stealthy
A: spit poison, see invisible, deformed body, poison resistance, slowness 2, AC
+1
a: Spit Poison


You were on level 3 of the Dungeon.
You were not hungry.

You visited 1 branch of the dungeon, and saw 3 of its levels.

You collected 137 gold pieces.

Inventory:

Hand weapons
 a - a +1 dagger (weapon)
Missiles
 i - 20 stones (quivered)
Armour
 b - a +1 robe (worn)
 r - a +2 pair of gloves (worn)
Comestibles
 d - a bread ration
Scrolls
 e - 2 scrolls of enchant weapon {unknown}
 f - 2 scrolls of amnesia {unknown}
 h - a scroll of remove curse
 o - 2 scrolls of enchant armour {unknown}
 q - a scroll of identify
Jewellery
 n - a ring of magical power (left hand)
 s - an uncursed ring of poison resistance
Potions
 g - a potion of cure mutation {unknown}
 j - a potion of might {unknown}
 k - a potion of magic {unknown}
 l - a potion of poison {unknown}
 m - 2 potions of haste {unknown}
 p - a potion of cancellation {unknown}
Books
 c - a book of Maledictions

   Spells                             Type                      Level
   *Corona                            Hexes                        1
   Sure Blade                         Hexes/Charms                 2
   Ensorcelled Hibernation            Hexes/Ice                    2
   *Confuse                           Hexes                        3
   Dazzling Spray                     Conjuration/Hexes            3
   Enslavement                        Hexes                        4


   Skills:
 + Level 1.2 Fighting
 + Level 1.4 Short Blades
 + Level 2.7 Dodging
 - Level 5.2 Stealth
 + Level 2.8 Spellcasting
 + Level 4.0 Hexes


You had 5 spell levels left.
You knew the following spells:

 Your Spells              Type           Power        Failure   Level  Hunger
a - Corona                Hex            ##.....      4%          1    #......
b - Confuse               Hex            ##......     14%         3    ###....


Dungeon Overview and Level Annotations

Branches:
Dungeon (3/15)

Altars:
Makhleb
Nemelex Xobeh
The Shining One

Annotations:
D:3 Antunes' ghost, weakling DrBe


Innate Abilities, Weirdness & Mutations

You cannot wear boots.
You can spit poison.
Your serpentine skin is tough (AC +1).
You have supernaturally acute eyesight.
Armour fits poorly on your strangely shaped body.
Your system is resistant to poisons.
You cover ground very slowly.


Message History

Antunes' ghost whispers, "There is no future for you."
Antunes' ghost barely misses you.
You have got your breath back.
Antunes' ghost barely misses you.
Casting: Confuse
Confirm with . or Enter, or press ? or * to list all spells.
Aiming: Confuse
Press: ? - help, Shift-Dir - straight line, f/p - Antunes' ghost
Aim: Antunes' ghost (moderately damaged)
You miscast Confuse.
You are very lightly contaminated with residual magic.
Your hands glow momentarily.
Antunes' ghost hits you.
* * * LOW HITPOINT WARNING * * *
Read which item? (? for menu, Esc to quit)
As you read the scroll labeled THREUP EXAHAU, it crumbles to dust.
It is a scroll of identify.
Identify which item? (\ to view known items) (? for menu, Esc to quit)
s - an uncursed ring of poison resistance Antunes' ghost hits you!
You die...

.....................#
#......###
...#.###.............# #......#
# ...#.# #.............#
#......# # ...#.#
#.............###......###
...#.#
#........................#
...#.#
#............#####'#####.# ..
#.###....#+#..#####......# #.#
#.#......#....# #......###'#
#.#.######...@## #......##...
#............W.# #......##...
###.#######....# #......##...
#.# #....## ####'####...
######.#######.....# #.#####<#
............##...#!## #......##
......<.....##...#).# #......#
............##...#..#####......#
............###'##'###.........#


You could see Antunes' ghost.

Vanquished Creatures
  A hound (D:2)
  Ijyb (D:2)
  6 adders
  3 worms
  4 giant cockroaches
  4 hobgoblins
  10 bats
  5 giant newts
  8 goblins
  10 kobolds
  A quokka (D:2)
  14 rats
67 creatures vanquished.

Notes
Turn   | Place    | Note
--------------------------------------------------------------
     0 | D:1      | Kashira, the Naga Enchanter, began the quest for the Orb.
     0 | D:1      | Reached XP level 1. HP: 15/15 MP: 3/3
   299 | D:1      | Reached XP level 2. HP: 17/22 MP: 4/4
   665 | D:1      | Reached skill level 5 in Stealth
  1047 | D:1      | Reached XP level 3. HP: 25/30 MP: 6/6
  1052 | D:1      | Learned a level 3 spell: Confuse
  1396 | D:2      | Reached XP level 4. HP: 37/37 MP: 7/7
  1544 | D:2      | Noticed Ijyb
  1613 | D:2      | Killed Ijyb
  1613 | D:2      | Reached skill level 1 in Fighting
  2167 | D:2      | Reached XP level 5. HP: 44/44 MP: 9/9
  2174 | D:2      | Found a burning altar of Makhleb.
  2348 | D:3      | Noticed Antunes' ghost (weakling DrBe)
  2734 | D:3      | Found a sparkling altar of Nemelex Xobeh.
  2734 | D:3      | Found a glowing golden altar of the Shining One.
  2787 | D:3      | Slain by Antunes' ghost

Action                   |  1- 3 |  4- 6 || total
-------------------------+-------+-------++-------
Melee: Dagger            |    79 |   127 ||   206
 Cast: Corona            |     4 |     4 ||     8
       Confuse           |       |    32 ||    32
 Abil: Spit Poison       |    24 |    47 ||    71
  Use: Scroll            |       |     2 ||     2
       Potion            |       |     1 ||     1
 Stab: Confused          |       |     5 ||     5
       Sleeping          |       |     4 ||     4
  Eat: Chunk             |     3 |     5 ||     8
       Bread ration      |       |     2 ||     2
